 Dungeon Crawl Stone Soup version 0.19-a0-1704-gbd66c22 (webtiles) character file.

556 Alarkh the Slasher (level 7, -2/49 HPs)
             Began as a Vampire Skald on Sept 27, 2016.
             Killed by nerve-wracking pain
             ... invoked by Grinder
              (13 damage)
             ... on level 4 of the Dungeon.
             The game lasted 00:04:32 (2462 turns).

Alarkh the Slasher (Vampire Skald)                  Turns: 2462, Time: 00:04:33

Health: -2/49      AC:  4    Str: 15    XL:     7   Next: 8%
Magic:  10/10      EV: 10    Int: 22    God:
Gold:   107        SH:  3    Dex: 13    Spells: 1 memorised, 9 levels left

rFire  . . .     SeeInvis +     l - +1 dagger (venom)
rCold  . . .     Gourm    .     b - +0 leather armour
rNeg   . . .     Faith    .     u - +0 buckler (curse)
rPois  .         Spirit   .     (no helmet)
rElec  .         Dismiss  .     (no cloak)
rCorr  .         Reflect  .     (no gloves)
MR     .....     Harm     .     (no boots)
Stlth  +.........               (no amulet)
                                i - +4 ring of strength
                                e - +5 ring of intelligence

@: regenerating quickly
A: fangs 3, see invisible, unbreathing
a: no special abilities


You were on level 4 of the Dungeon.
You were full.

You visited 1 branch of the dungeon, and saw 4 of its levels.

You collected 107 gold pieces.

Inventory:

Hand Weapons
 a - a +0 falchion
 l - a +1 dagger of venom (weapon)
Armour
 b - a +0 leather armour (worn)
 g - a +0 buckler
 u - a cursed +0 buckler (worn)
Jewellery
 e - a +5 ring of intelligence (left hand)
 i - a +4 ring of strength (right hand)
 r - an uncursed amulet of dismissal
Wands
 v - a wand of flame (36/48)
Scrolls
 d - a scroll of immolation {unknown}
 h - a scroll of remove curse
 m - 2 scrolls of teleportation {unknown}
 o - a scroll of fog {unknown}
 s - a scroll of identify {unknown}
Potions
 f - a potion of degeneration {unknown}
 j - 2 potions of curing {unknown}
 k - a potion of ambrosia {unknown}
 n - a potion of resistance {unknown}
 p - a potion of cancellation {unknown}
 q - 15 potions of blood
 t - a potion of haste {unknown}
Books
 c - a book of Battle

   Spells                             Type                      Level
   a - Infusion                       Charms                       1
   b - Shroud of Golubria             Charms/Translocation         2
   c - Song of Slaying                Charms                       2
   d - Spectral Weapon                Hexes/Charms                 3
   e - Regeneration                   Charms/Necromancy            3


   Skills:
 - Level 1.7 Fighting
 + Level 7.8 Long Blades
 - Level 0.7 Armour
 - Level 1.1 Dodging
 - Level 2.0 Spellcasting
 - Level 3.2 Charms


You had 9 spell levels left.
You knew the following spells:

 Your Spells              Type           Power        Failure   Level  Hunger
a - Infusion              Chrm           ###.         10%         1    #......


Dungeon Overview and Level Annotations

Branches:
Dungeon (4/15)
 Temple: D:4-7

Altars:
Cheibriados
Dithmenos

Annotations:
D:4 Grinder


Innate Abilities, Weirdness & Mutations

Your natural rate of healing is unusually fast.
You have razor-sharp teeth.
You have supernaturally acute eyesight. (SInv)
You can survive without breathing.


Message History

You hit the howler monkey.
The howler monkey looks as sick as possible!
The howler monkey is lightly wounded.
The howler monkey closely misses you.
You hit the howler monkey.
The howler monkey looks as sick as possible!
You bite the howler monkey.
The howler monkey is severely wounded.
The howler monkey hits you.
* * * LOW HITPOINT WARNING * * *
You closely miss the howler monkey.
The howler monkey is almost dead.
The howler monkey hits you.
* * * LOW HITPOINT WARNING * * *
A giant cockroach comes into view.
You kill the howler monkey!
Grinder comes into view.
Grinder gestures at you. Pain shoots through your body!
You die...

#.# #.# #.# ###.#######
#..........
#.#.###################
#.#.#.................#
#.#.#.#....##########.#
#.#...@....'.s..)......
#.###.#....##########.#
#.# #.#....# ######.#
#.# #.##...# .........
#.# #.##...# .........
#.# #.##.5.###.........
#.# #.##......#######.#
#######.# #.####....#
#.# #.....#.# #.#
#....# #.#


You could see Grinder and a giant cockroach.

Vanquished Creatures
  Sigmund (D:3)
  An ogre (D:4)
  A scorpion (D:4)
  A howler monkey (D:4)
  A bullfrog skeleton (D:4)
  An iguana (D:4)
  Natasha (thrice) (D:3)
  4 adders (D:2)
  An ooze (D:3)
  A worm (D:2)
  2 dart slugs
  4 leopard geckos
  An orc (D:3)
  2 giant cockroaches
  4 goblins
  6 hobgoblins
  3 jackals (D:3)
  4 kobolds
  5 quokkas
  2 ball pythons
  3 bats (D:1)
  2 frilled lizards (D:2)
  6 rats
59 creatures vanquished.

Notes
Turn   | Place    | Note
-------+----------+-------------------------------------------
     0 | D:1      | Alarkh the Vampire Skald began the quest for the Orb.
     0 | D:1      | Reached XP level 1. HP: 16/16 MP: 3/3
   162 | D:1      | Reached XP level 2. HP: 15/22 MP: 5/5
   369 | D:1      | Reached skill level 3 in Long Blades
   636 | D:2      | Reached XP level 3. HP: 9/27 MP: 3/6
  1038 | D:2      | Found a snail-covered altar of Cheibriados.
  1068 | D:2      | Found a shadowy altar of Dithmenos.
  1274 | D:2      | Reached skill level 4 in Long Blades
  1471 | D:2      | Reached XP level 4. HP: 26/33 MP: 7/7
  1752 | D:3      | Noticed Natasha
  1760 | D:3      | Killed Natasha
  1760 | D:3      | Reached skill level 5 in Long Blades
  1818 | D:3      | Noticed Sigmund
  1831 | D:3      | Killed Sigmund
  1831 | D:3      | Reached skill level 6 in Long Blades
  1831 | D:3      | Reached XP level 5. HP: 28/38 MP: 8/8
  1831 | D:3      | Reached XP level 6. HP: 32/44 MP: 9/9
  1908 | D:3      | Noticed Natasha
  1914 | D:3      | Killed Natasha
  1990 | D:3      | Noticed Natasha
  1994 | D:3      | Killed Natasha
  2146 | D:4      | Reached skill level 7 in Long Blades
  2443 | D:4      | Reached XP level 7. HP: 12/49 MP: 8/10
  2460 | D:4      | Noticed Grinder
  2462 | D:4      | Killed from afar by Grinder

Vault maps used:
D:1:      eino_arrival_water_star
D:2:      kennysheep_slug_shrine, marbit_many_paths, kennysheep_generic_room_8
D:3:      uniq_natasha, uniq_sigmund
D:4:      uniq_grinder

Skill      XL: |  1  2  3  4  5  6 |
---------------+-------------------+-----
Long Blades    | 3 4 6 7 |  7.8
Fighting       | |  1.7
Armour         | |  0.7
Dodging        | |  1.1
Spellcasting   | |  2.0
Charms         | |  3.2

Action                   |  1- 3 |  4- 6 |  7- 9 || total
-------------------------+-------+-------+-------++-------
Melee: Falchion          |    79 |       |       ||    79
       Bite              |    11 |    12 |     1 ||    24
       Dagger            |    31 |   101 |     6 ||   138
 Cast: Infusion          |     3 |     1 |       ||     4
  Use: Potion            |     5 |     4 |       ||     9
       Scroll            |     1 |       |       ||     1
Armor: Leather armour    |    26 |    15 |       ||    41
Dodge: Dodged            |    55 |    47 |     1 ||   103
Block: Buckler           |       |       |     1 ||     1
